Map: Simulacrum LE

Players

Denver - Winner!

  • Race: Zerg Zerg
  • League: Master
  • Spawn Location: 5:00

Neeblet (Neeb)

  • Race: Protoss Protoss
  • Spawn Location: 11:00

VOD

Have the link to the VOD?

Description

Time

  • Played on: Jan. 14, 2020, 2:41 p.m.
  • Length: 7:05
Show
View Real Time Build Order
Export as new Build Order

Denver Zerg - Winner!

Build Orders: Hatch First 

Get SALT Encoding   

  12  0:00  Drone  
  13  0:12  Overlord  
  13  0:17  Drone  
  14  0:30  Drone x2  
  16  0:47  Hatchery  
  15  0:51  Drone  
  15  0:55  Drone  
  17  0:59  Drone  
  18  1:09  Extractor  
  17  1:14  Spawning Pool  
  17  1:18  Drone  
  17  1:21  Drone  
  18  1:28  Drone  
  19  1:38  Drone  
  20  1:49  Drone  
  21  2:00  Queen x2  
  25  2:01  Zergling x4  
  27  2:09  Metabolic Boost  
  27  2:11  Overlord  
  27  2:14  Drone  
  28  2:31  Drone  
  28  2:32  Hatchery  
  28  2:34  Drone  
  29  2:38  Drone  
  29  2:39  Drone  
  31  2:44  Overlord  
  31  2:48  Drone  
  32  2:54  Queen  
  32  2:57  Drone  
  35  2:59  Drone  
  35  3:04  Drone x2  
  38  3:11  Drone x3  
  41  3:16  Overlord  
  41  3:21  Queen  
  41  3:24  Drone  
  44  3:32  Lair  
  44  3:36  Spore Crawler  
  44  3:37  Drone  
  44  3:40  Spore Crawler  
  43  3:43  Drone x2  
  43  3:48  Zergling x8  
  46  3:53  Queen  
  51  3:57  Overlord  
  51  4:00  Pneumatized Carapace  
  51  4:06  Overlord  
  51  4:09  Zergling x6  
  54  4:13  Overlord  
  54  4:19  Zergling x2  
  54  4:20  Zergling x6  
  54  4:21  Overlord  
  58  4:31  Overlord  
  57  4:33  Zergling x8  
  57  4:36  Overlord  
  60  4:41  Zergling x2  
  60  4:42  Zergling x4  
  60  4:44  Overlord  
  63  4:48  Overlord  
  60  4:53  Zergling x6  
  59  5:00  Zergling x6  
  59  5:01  Zergling x2  
  63  5:10  Zergling x6  
  63  5:11  Zergling x6  
  70  5:21  Zergling x8  
  66  5:40  Overlord  
  64  5:45  Overlord  
  60  5:51  Zergling x12  
  60  5:52  Overlord  
  61  5:57  Zergling x2  
  61  5:59  Queen  
  61  6:01  Zergling x2  
  61  6:02  Queen x2  
  62  6:09  Zergling x4  
  62  6:18  Zergling x2  
  62  6:25  Zergling x10  
  64  6:39  Zergling x6  
Show
View Real Time Build Order
Export as new Build Order

Neeblet Protoss 

Build Orders: 1 Gate Expand, Oracle Opening, Phoenix Opening, Mass Adepts 

Get SALT Encoding   

  12  0:01  Probe  
  13  0:13  Probe  
  14  0:18  Pylon  
  14  0:25  Probe  
  15  0:31  Assimilator  
  15  0:37  Probe (Chrono Boost)  
  16  0:44  Gateway  
  16  0:48  Probe (Chrono Boost)  
  17  0:53  Probe (Chrono Boost)  
  18  1:05  Probe  
  19  1:17  Probe  
  20  1:24  Nexus  
  20  1:33  Cybernetics Core  
  20  1:36  Probe  
  21  1:41  Assimilator  
  21  1:48  Probe  
  21  1:51  Pylon  
  22  2:00  Probe (Chrono Boost)  
  23  2:07  Adept (Chrono Boost)  
  23  2:10  Warp Gate, Probe (Chrono Boost)  
  26  2:15  Probe (Chrono Boost)  
  26  2:21  Stargate  
  27  2:27  Probe  
  27  2:28  Adept (Chrono Boost)  
  30  2:36  Probe  
  31  2:39  Probe  
  32  2:48  Probe  
  32  2:51  Probe  
  36  3:00  Probe  
  36  3:03  Probe  
  36  3:04  Oracle (Chrono Boost)  
  41  3:10  Pylon  
  41  3:12  Probe  
  40  3:13  Gateway  
  40  3:15  Gateway  
  40  3:19  Adept  
  42  3:21  Probe  
  42  3:24  Probe  
  44  3:30  Pylon  
  44  3:33  Probe  
  44  3:34  Phoenix (Chrono Boost)  
  45  3:38  Probe  
  48  3:44  Pylon  
  48  3:45  Probe  
  49  3:50  Probe  
  49  3:53  Assimilator  
  49  3:55  Oracle (Chrono Boost), Assimilator  
  53  3:57  Probe  
  53  4:02  Probe  
  55  4:08  Twilight Council  
  55  4:09  Probe  
  56  4:14  Probe, Adept  
  56  4:15  Adept  
  61  4:20  Adept  
  61  4:21  Probe  
  64  4:26  Probe  
  64  4:27  Pylon  
  65  4:36  Adept x2  
  69  4:39  Resonating Glaives (Chrono Boost)  
  69  4:42  Pylon  
  63  4:53  Nexus  
  63  4:59  Adept x2  
  65  5:04  Shield Battery  
  65  5:07  Oracle  
  65  5:12  Stalker  
  70  5:17  Robotics Facility  
  69  5:25  Adept x2  
  69  5:28  Probe x2  
  75  5:30  Pylon  
  73  5:43  Adept  
  73  5:44  Probe  
  73  5:45  Probe  
  66  5:50  Sentry  
  66  5:51  Zealot  
  66  5:56  Probe  
  63  5:57  Probe  
  55  6:05  Adept  
  55  6:08  Probe  
  55  6:09  Probe  
  53  6:11  Sentry  
  53  6:12  Sentry  
  53  6:17  Probe (Chrono Boost)  
  53  6:21  Probe (Chrono Boost)  
  52  6:26  Probe (Chrono Boost)  
  52  6:30  Probe (Chrono Boost), Zealot  
  52  6:31  Probe (Chrono Boost)  
  53  6:33  Sentry  
  53  6:34  Probe (Chrono Boost)  
  53  6:35  Probe (Chrono Boost)  
  57  6:44  Zealot  
  57  6:45  Probe  
  51  6:49  Cybernetics Core  
Tags
 
Add a new tag
Caveats
  • Supply blocks, unpowered buildings, or Contaminate may cause inaccurate times.
  • Supply counts are checked every 10 seconds.